 Dungeon Crawl Stone Soup version 0.28.0-45-g0d030f2227 (webtiles) character file.

Game seed: 7245253672032288529

786 bobregger the Basher (level 7, -2/70 HPs)
             Began as an Ogre Berserker on Apr 25, 2022.
             Was a Priest of Trog.
             Slain by a killer bee (4 damage)
             ... on level 4 of the Dungeon.
             The game lasted 00:08:40 (4921 turns).

bobregger the Basher (Ogre Berserker)               Turns: 4921, Time: 00:08:41

Health: -2/70      AC:  7    Str: 24    XL:     7   Next: 87%
Magic:  7/7        EV: 10    Int:  8    God:    Trog [***...]
Gold:   123        SH:  0    Dex:  8    Spells: 6/6 levels left

rFire   + + .      SeeInvis .   f - +0 flail
rCold   + . .      Faith    .   (no shield)
rNeg    . . .      Spirit   .   v - +1 robe {rF+}
rPois   +          Reflect  .   (helmet restricted)
rElec   +          Harm     .   k - +2 cloak
rCorr   +          Rampage  .   (gloves unavailable)
Will    +++..                   (boots unavailable)
Stlth   +.........              i - amulet of regeneration
HPRegen 2.01/turn               t - ring of poison resistance
MPRegen 0.10/turn               (no ring)

@: mighty, resistant, strong-willed (expiring), on berserk cooldown,
regenerating (expiring), slowed, very slow
A: large, unfitting armour, tough skin 1, strong-willed 1
a: Renounce Religion, Berserk, Trog's Hand


You were on level 4 of the Dungeon.
You worshipped Trog.
Trog was most pleased with you.
You visited 1 branch of the dungeon, and saw 5 of its levels.
You also visited: Sewer.

You collected 250 gold pieces.
You spent 127 gold pieces at shops.

Inventory:

Hand Weapons
 f - a +0 flail (weapon)
Armour
 k - a +2 cloak (worn)
 v - a +1 robe of fire resistance (worn)
Jewellery
 g - a ring of ice
 i - an amulet of regeneration (around neck)
 j - a ring of flight
 t - a ring of poison resistance (left hand)
Scrolls
 a - a scroll of enchant armour {unknown}
 d - 2 scrolls of brand weapon {unknown}
 e - a scroll of amnesia {unknown}
 h - 6 scrolls of identify {unknown}
 s - a scroll of teleportation {unknown}
 u - a scroll of blinking {unknown}
Potions
 o - a potion of invisibility {unknown}
 p - a potion of magic {unknown}
 q - 2 potions of haste {unknown}
 r - 3 potions of curing


   Skills:
 - Level 4.0 Fighting
 + Level 8.3 Maces & Flails
 - Level 2.6 Dodging


You had 6 spell levels left.
You didn't know any spells.
Your spell library was empty.

Dungeon Overview and Level Annotations

Branches:
Dungeon (5/15)             Temple (0/1) D:4           Sewer (visited)

Altars:
Vehumet
Xom

Shops:
D:3 =   D:5 **

Annotations:
D:5 3 runed translucent doors, Malificent's ghost, weakling GnDe


Innate Abilities, Weirdness & Mutations

You are too large for most types of armour.
You have tough skin. (AC +1)
You are strong-willed. (Will+)


Message History

The killer bee stings you. x2; The killer bee misses you.
The killer bee stings you.
The killer bee stings you but does no damage.
The killer bee stings you.
You barely miss the killer bee.
The killer bee is heavily wounded.
You feel very sick.
The killer bee stings you but does no damage.
The killer bee stings you.
The killer bee stings you but does no damage.
The killer bee stings you. x2
You are more poisoned.
The killer bee poisons you!
The killer bee stings you but does no damage.
You closely miss the killer bee.
The killer bee is heavily wounded.
You feel very sick. The killer bee closely misses you.
The killer bee barely misses you. The killer bee stings you. x2
* * * LOW HITPOINT WARNING * * *
The killer bee barely misses you. x2
You sock the killer bee!
The killer bee is almost dead.
You feel very sick. The killer bee stings you.
* * * LOW HITPOINT WARNING * * *
The killer bee stings you.
* * * LOW HITPOINT WARNING * * *
The killer bee completely misses you. The killer bee stings you.
* * * LOW HITPOINT WARNING * * *
The killer bee closely misses you. The killer bee stings you.
* * * LOW HITPOINT WARNING * * *
It was a potion of curing.
You feel better.
You feel the effects of Trog's Hand fading.
The killer bee barely misses you. x2; The killer bee stings you.
* * * LOW HITPOINT WARNING * * *
The killer bee stings you.
* * * LOW HITPOINT WARNING * * *
The killer bee completely misses you. The killer bee stings you.
You die...

################....##..#..
#....#...#.. #......#.#.#
#.......###. #....#...#..
#.....#..... ###..#####.>.#
#########.......#.....
#....@..#......#...#..
#>...yy.'.........###.
#.......#........#.#.#
#...##..#..........#..
###+##..#.......#..#..
#.......#.......#....#
#.......+..<....#...##
#...##'##.......#.....
#...#...........#.....


You could see 2 killer bees.

Vanquished Creatures
  A necrophage (D:4)
  An orc warrior (D:5)
  An ogre (D:4)
  A kobold brigand (Sewer)
  An orc priest (D:4)
  2 hounds
  Crazy Yiuf (D:2)
  Terence (D:2)
  2 orc wizards
  A hound skeleton (D:4)
  Robin (D:2)
  A howler monkey skeleton (D:5)
  6 adders
  6 river rats (Sewer)
  3 worms
  A dart slug (D:4)
  4 orcs
  4 endoplasms
  3 giant cockroaches (D:3)
  8 goblins
  5 hobgoblins
  26 kobolds
  9 quokkas
  14 ball pythons
  3 bats
  5 frilled lizards
  30 rats
141 creatures vanquished.

Vanquished Creatures (others)
  2 fungi (D:5)
  A plant (D:5)
3 creatures vanquished.

Grand Total: 144 creatures vanquished

Notes
Turn   | Place    | Note
-------+----------+-------------------------------------------
     0 | D:1      | bobregger the Ogre Berserker began the quest for the Orb.
     0 | D:1      | Reached XP level 1. HP: 24/24 MP: 1/1
    16 | D:1      | Reached skill level 3 in Maces & Flails
   152 | D:1      | Reached XP level 2. HP: 32/32 MP: 2/2
   294 | D:1      | Found a faded altar of an unknown god.
  1004 | D:2      | Reached XP level 3. HP: 37/39 MP: 3/3
  1137 | D:2      | Found a shimmering altar of Xom.
  1139 | D:2      | Noticed Terence
  1149 | D:2      | Killed Terence
  1150 | D:2      | Reached skill level 4 in Maces & Flails
  1252 | D:2      | Reached XP level 4. HP: 46/48 MP: 4/4
  1484 | D:2      | Noticed Robin
  1493 | D:2      | Killed Robin
  1771 | D:2      | Found a runed translucent door.
  1772 | D:2      | Noticed Crazy Yiuf
  1845 | D:2      | Killed Crazy Yiuf
  1939 | D:3      | Reached skill level 5 in Maces & Flails
  1942 | D:3      | Found a glowing drain.
  1960 | D:3      | Reached XP level 5. HP: 54/54 MP: 5/5
  1971 | Sewer    | Entered a sewer
  2178 | Sewer    | Reached ** piety under Trog
  2391 | Sewer    | Reached skill level 6 in Maces & Flails
  2391 | Sewer    | Reached XP level 6. HP: 60/62 MP: 6/6
  3133 | D:3      | Found Cezxolu's Jewellery Shop.
  3648 | D:4      | Found a staircase to the Ecumenical Temple.
  3651 | D:4      | Noticed a necrophage
  3660 | D:4      | Killed a necrophage
  3731 | D:4      | Reached skill level 7 in Maces & Flails
  3731 | D:4      | Reached XP level 7. HP: 70/70 MP: 7/7
  3882 | D:4      | Reached *** piety under Trog
  4466 | D:5      | Entered Level 5 of the Dungeon
  4502 | D:5      | Found a radiant altar of Vehumet.
  4639 | D:5      | Reached skill level 8 in Maces & Flails
  4771 | D:5      | Found Racs's Specific Store.
  4774 | D:5      | Found Byompuw's General Store.
  4783 | D:5      | Bought a +1 robe of fire resistance for 127 gold pieces
  4810 | D:5      | Found a runed translucent gate.
  4810 | D:5      | Found a runed translucent gate.
  4810 | D:5      | Found a runed translucent gate.
  4811 | D:5      | Noticed Malificent's ghost (weakling GnDe)
  4916 | D:4      | Gained mutation: You are strong-willed. (Will+) [potion of
                  | mutation]
  4920 | D:4      | HP: 1/70 [killer bee (6)]
  4921 | D:4      | Slain by a killer bee

Illustrated notes

Levels and vault maps discovered:
D:1:      dpeg_arrival_leaves_temple_mockup, layout_basic,
          shapermc_ecumenical_altar_totnotflames
D:2:      layout_rooms, basic_altar, uniq_crazy_yiuf_cottage, uniq_robin,
          uniq_terence
D:3:      layout_loops_ring, serial_shops, nicolae_shop_hallway_plus,
          gup_sewer_entry_pipe, grunt_ministairs_12, serial_park_tiny_1
D:4:      layout_gridville, minmay_temple_entry_arrows, minmay_between
D:5:      layout_loops_ring, nicolae_vehumet_radiance,
          gammafunk_ghost_nasty_kobolds, hangedman_abyss_or_decor_stagger,
          hangedman_decor_peaks_small, nicolae_specific_store

Skill      XL: |  1  2  3  4  5  6  7 |
---------------+----------------------+-----
Maces & Flails | 3 4 5 6 7 8 |  8.3
Fighting       | |  4.0
Dodging        | |  2.6

Action                   |  1- 3 |  4- 6 |  7- 9 || total
-------------------------+-------+-------+-------++-------
Melee: Mace              |    66 |       |       ||    66
       Flail             |     2 |   269 |   100 ||   371
       Punch             |       |     4 |     2 ||     6
Invok: Berserk           |     2 |     6 |     3 ||    11
       Trog's Hand       |       |       |     1 ||     1
  Use: Potion            |       |       |     8 ||     8
Armor: Animal skin       |    23 |   165 |    26 ||   214
       Robe              |       |       |    36 ||    36
Dodge: Dodged            |    44 |   210 |    89 ||   343
